 Dungeon Crawl Stone Soup version 0.28.0-1-gb440e238dd (webtiles) character file.

Game seed: 4982191846394313226

502 spaghetti the Fighter (level 7, 0/74 HPs)
             Began as a Naga Delver on Feb 20, 2022.
             Was an Initiate of Ru.
             Slain by a black bear (1 damage)
             ... on level 6 of the Dungeon.
             The game lasted 00:03:45 (1539 turns).

spaghetti the Fighter (Naga Delver)                 Turns: 1539, Time: 00:03:45

Health: 0/74       AC:  3    Str: 16    XL:     7   Next: 17%
Magic:  7/7        EV:  9    Int: 10    God:    Ru [......]
Gold:   23         SH:  0    Dex: 13    Spells: 6/6 levels left

rFire   . . .      SeeInvis +   a - +0 hand axe
rCold   . . .      Faith    .   (no shield)
rNeg    . . .      Spirit   .   b - +0 leather armour
rPois   +          Reflect  .   (no helmet)
rElec   .          Harm     .   (no cloak)
rCorr   .          Rampage  .   (no gloves)
Will    .....                   (no barding)
Stlth   +++.......              (no amulet)
HPRegen 0.22/turn               (no ring)
MPRegen 0.10/turn               (no ring)

@: very slow
A: AC +2, large, see invisible, deformed body, poison resistance, slowness 2,
spit poison 1, naga tail 1
a: Spit Poison, Renounce Religion


You were on level 6 of the Dungeon.
You worshipped Ru.
Ru was noncommittal.
You visited 1 branch of the dungeon, and saw 3 of its levels.

You collected 23 gold pieces.

Inventory:

Hand Weapons
 a - a +0 hand axe (weapon)
Missiles
 f - 2 throwing nets
Armour
 b - a +0 leather armour (worn)
Wands
 d - a wand of flame (31)
 g - a wand of digging (3)
Scrolls
 c - a scroll of fog


   Skills:
 + Level 8.0 Fighting
 - Level 2.0 Axes
 - Level 1.5 Dodging
 - Level 7.2 Stealth


You had 6 spell levels left.
You didn't know any spells.
Your spell library was empty.

Dungeon Overview and Level Annotations

Branches:
Dungeon (7/15)
 Temple: D:4-7

Altars:
Ru
Yredelemnul
The Shining One


Innate Abilities, Weirdness & Mutations

Your serpentine skin is tough. (AC +2)
You have supernaturally acute eyesight. (SInv)
Armour fits poorly on your strangely shaped body.
Your system is resistant to poisons. (rPois)
You cover ground very slowly.
You can spit poison.
You have a snake-like lower body.


Message History

* * * LOW HITPOINT WARNING * * *
The black bear closely misses you. The black bear claws you.
* * * LOW HITPOINT WARNING * * *
You aren't carrying any potions.
Okay, then.
Aiming: Throw Flame
Press: ? - help, Shift-Dir - straight line, f/p - black bear
Aim: a black bear (moderately wounded, poisoned, 77% to hit)
The puff of flame hits the black bear.
The black bear is heavily wounded.
The black bear bites you but does no damage.
The black bear claws you but does no damage.
The black bear misses you.
Aiming: Throw Flame
Press: ? - help, Shift-Dir - straight line, f/p - black bear
Aim: a black bear (heavily wounded, poisoned, 77% to hit)
The puff of flame hits the black bear.
The black bear is heavily wounded.
The black bear bites you!
* * * LOW HITPOINT WARNING * * *
The black bear claws you.
* * * LOW HITPOINT WARNING * * *
The black bear barely misses you.
You aren't carrying any potions.
Aiming: Throw Flame
Press: ? - help, Shift-Dir - straight line, f/p - black bear
Aim: a black bear (heavily wounded, poisoned, 77% to hit)
The puff of flame hits the black bear.
The black bear is severely wounded.
The black bear looks more healthy.
The black bear goes berserk!
Aiming: Throw Flame
Press: ? - help, Shift-Dir - straight line, f/p - black bear
Aim: a black bear (severely wounded, berserk, 77% to hit)
The puff of flame hits the black bear.
The black bear is almost dead.
You have got your breath back.
The black bear bites you!
* * * LOW HITPOINT WARNING * * *
The black bear barely misses you. The black bear claws you.
You die...

.###......# #.# *..,,,*
.)....#...# #.# *.,,,**
#######...# #.###.,,,,*
.........###*#....,,*,,***
########...,*#....,,#,,,,*
<.....##.##,**,#.##.#,,,,*
..........#,**,#...l#,,,,*
.####.....#,**,#.#,,,,,,,****
####......#,,,,#@#,***,,,,,,*
...#(###..#****#h#,*,,,*,**,*
#(##.# #..######.#,,,,,*,**,*
#....# #.........###,*,*,**,*
###### #...#.........#,*,**,*
#******#...#.#########,*,*,,*
.,,,*,.....#.#,,,,,,,,,,,*,**
#**,#.###..#.#,*****,*,,,,,*
,,*,#,**####.#,*****,*******


You could see a black bear (berserk).

Vanquished Creatures
  A black bear (D:6)
  2 ogres (D:6)
  A kobold brigand (D:6)
  A scorpion (D:5)
  A bullfrog zombie (D:7)
  A hound (D:6)
  A centaur skeleton (D:6)
  An iguana (D:6)
  An adder (D:6)
  3 kobolds (D:6)
13 creatures vanquished.

Notes
Turn   | Place    | Note
-------+----------+-------------------------------------------
     0 | D:5      | spaghetti the Naga Delver began the quest for the Orb.
     0 | D:5      | Reached XP level 1. HP: 21/21 MP: 1/1
    21 | D:5      | Found a basalt altar of Yredelemnul.
    21 | D:5      | Noticed a scorpion
    27 | D:5      | Killed a scorpion
    28 | D:5      | Reached skill level 4 in Fighting
    28 | D:5      | Reached XP level 2. HP: 31/31 MP: 2/2
    28 | D:5      | Reached XP level 3. HP: 37/37 MP: 3/3
    28 | D:5      | Reached XP level 4. HP: 45/45 MP: 4/4
    37 | D:5      | Found a sacrificial altar of Ru.
    37 | D:5      | Found a glowing golden altar of the Shining One.
    37 | D:5      | Noticed an ice beast
    59 | D:5      | Noticed an ogre
    60 | D:5      | Became a worshipper of Ru the Awakened
   321 | D:6      | Noticed a black bear
   329 | D:6      | Reached skill level 5 in Fighting
   544 | D:6      | Noticed a kobold brigand
   643 | D:7      | Reached XP level 5. HP: 27/55 MP: 5/5
   842 | D:6      | Noticed a centaur
   846 | D:6      | Noticed an ogre
   861 | D:6      | Killed an ogre
   862 | D:6      | Reached skill level 6 in Fighting
   862 | D:6      | Reached XP level 6. HP: 49/63 MP: 6/6
  1044 | D:6      | Killed a black bear
  1045 | D:6      | Reached skill level 7 in Fighting
  1152 | D:6      | HP: 2/66 [kobold brigand (8)]
  1515 | D:6      | Reached XP level 7. HP: 48/73 MP: 7/7
  1526 | D:6      | Reached skill level 8 in Fighting
  1539 | D:6      | HP: 1/74 [black bear (7)]
  1539 | D:6      | Slain by a black bear

Illustrated notes

Levels and vault maps discovered:
D:5:      layout_basic, chequers_temple_overflow_statue_of_worship,
          uniq_eustachio
D:6:      layout_basic, gammafunk_ghost_cemetery
D:7:      minmay_the_grid_square_5x5_3x3
          [minmay_the_grid_square_5x5_pentomino_r,
          minmay_the_grid_square_5x5_minimal,
          minmay_the_grid_square_5x5_shuriken,
          minmay_the_grid_square_5x5_inner_v,
          minmay_the_grid_square_5x5_megaprize_crossed,
          minmay_the_grid_square_5x5_fancy_junction,
          minmay_the_grid_square_5x5_plus, minmay_the_grid_square_5x5_bracketed,
          minmay_the_grid_square_5x5_empty], layout_loops_ring,
          mainiacjoe_overflow_chevrons, mainiacjoe_overflow_divided_tiny,
          minmay_temple_entry_hall, minmay_misc_feat_chi

Skill      XL: |  1  2  3  4  5  6  7 |
---------------+----------------------+-----
Fighting       | 4 5 6 7 8 |  8.0
Axes           | |  2.0
Dodging        | |  1.5
Stealth        | |  7.2

Action                   |  1- 3 |  4- 6 |  7- 9 || total
-------------------------+-------+-------+-------++-------
Melee: Hand axe          |       |    60 |    10 ||    70
       Punch             |       |     3 |       ||     3
 Abil: Spit Poison       |     2 |    14 |     3 ||    19
Evoke: Wand              |       |     1 |     4 ||     5
  Use: Scroll            |     1 |     4 |       ||     5
       Potion            |       |     2 |       ||     2
 Stab: Sleeping          |       |     1 |       ||     1
Armor: Leather armour    |       |    18 |     2 ||    20
Dodge: Dodged            |       |    49 |    11 ||    60
